 Dungeon Crawl Stone Soup version 0.29-a0-378-gc08b2e8bf8 (webtiles) character file.

Game seed: 13861963407421333510

34159 Antichthon the Protected (level 13, -2/121 HPs)
             Began as a Deep Dwarf Fighter on May 4, 2022.
             Was a High Priest of Makhleb.
             Slain by a catoblepas (3 damage)
             ... while petrified by a catoblepas
             ... on level 5 of the Lair of Beasts on May 5, 2022.
             The game lasted 00:50:21 (15470 turns).

Antichthon the Protected (Deep Dwarf Fighter)      Turns: 15470, Time: 00:50:22

Health: -2/121     AC: 19    Str: 23      XL:     13   Next: 40%
Magic:  1/1        EV:  2    Int: 13      God:    Makhleb [*****.]
Gold:   1142       SH:  0    Dex: 16 (17) Spells: 23/23 levels left

rFire   + . .      SeeInvis +   h - +8 trident of Popular Demand {flame, rF+ rCorr Stlth+}
rCold   + . .      Faith    .   c - +0 buckler
rNeg    + + +      Spirit   .   A - +1 chain mail {rC+}
rPois   ∞          Reflect  .   k - +1 hat {Will+}
rElec   .          Harm     .   (no cloak)
rCorr   +          Rampage  .   C - +0 pair of gloves
Will    ++...                   j - +1 pair of boots
Stlth   ..........              g - amulet of the acrobat
HPRegen 0.00/turn               n - ring "Lubauxty" {rC- rN+ Dex+5 SInv}
MPRegen 0.07/turn               i - ring of protection from cold

@: petrified
A: damage resistance, heal wounds, sense surroundings 2, no regeneration,
deterioration 1, strong 1, subdued magic 1
a: Heal Wounds, Renounce Religion, Minor Destruction, Lesser Servant of Makhleb,
Major Destruction, Greater Servant of Makhleb


You were on level 5 of the Lair of Beasts.
You worshipped Makhleb.
Makhleb was extremely pleased with you.
You visited 3 branches of the dungeon, and saw 17 of its levels.

You collected 1142 gold pieces.

Inventory:

Hand Weapons
 a - a +1 war axe
 h - the +8 trident of Popular Demand (weapon) {flame, rF+ rCorr Stlth+}
   (You found it on level 8 of the Dungeon)

   It burns those it strikes, dealing additional fire damage.
   rF:        It protects you from fire.
   rCorr:     It protects you from acid and corrosion.
   Stlth:     It makes you more stealthy.
Missiles
 f - 2 throwing nets
 K - 4 silver boomerangs
Armour
 c - a +0 buckler (worn)
 j - a +1 pair of boots (worn)
 k - a +1 hat of willpower (worn)
 A - a +1 chain mail of cold resistance (worn)
 C - a +0 pair of gloves (worn)
Jewellery
 g - an amulet of the acrobat (around neck)
 i - a ring of protection from cold (right hand)
 m - a ring of positive energy
 n - the ring "Lubauxty" (left hand) {rC- rN+ Dex+5 SInv}
   (You found it on level 4 of the Lair of Beasts)

   [ring of see invisible]

   Dex:       It affects your dexterity (+5).
   rC:        It makes you vulnerable to cold.
   rN:        It protects you from negative energy.
   SInv:      It lets you see invisible.
 x - a ring of resist corrosion
Wands
 l - a wand of digging (16)
 u - a wand of mindburst (5)
 y - a wand of paralysis (13)
 B - a wand of polymorph (14)
 F - a wand of charming (4)
 J - a wand of iceblast (6)
Scrolls
 s - 3 scrolls of teleportation
 t - 5 scrolls of fog
 v - 4 scrolls of immolation
 w - 2 scrolls of amnesia
 E - a scroll of magic mapping
Potions
 b - 3 potions of brilliance
 d - 4 potions of might
 e - 5 potions of curing
 o - 4 potions of lignification
 q - 4 potions of magic
 r - 6 potions of attraction
 z - 5 potions of ambrosia
 D - 2 potions of haste
 G - a potion of flight
 I - 2 potions of berserk rage
 L - a potion of heal wounds


   Skills:
 * Level 9.0 Fighting
 * Level 10.9 Axes
 * Level 13.3 Armour
 * Level 7.0 Dodging
 * Level 8.6 Shields
 * Level 5.5 Spellcasting
 * Level 7.3 Necromancy
 * Level 8.6 Invocations


You had 23 spell levels left.
You didn't know any spells.
Your spell library contained the following spells:

 Spells                   Type           Power      Damage    Failure   Level
 Shock                    Conj/Air       8%         1d3       67%         1
 Agony                    Necr           17%        N/A       78%         5
 Blink                    Tloc           4%         N/A       82%         2
 Ensorcelled Hibernation  Hex/Ice        4%         N/A       82%         2
 Anguish                  Hex/Necr       5%         N/A       91%         4
 Call Canine Familiar     Summ           2%         N/A       96%         3
 Conjure Flame            Conj/Fire      2%         6-21      96%         3
 Dazzling Flash           Conj/Hex       4%         N/A       96%         3
 Frozen Ramparts          Ice            4%         1d2       96%         3
 Ignite Poison            Fire/Tmut/Pois 2%         N/A       96%         3
 Lesser Beckoning         Tloc           2%         N/A       96%         3
 Portal Projectile        Hex/Tloc       4%         N/A       96%         3
 Spider Form              Tmut/Pois      2%         N/A       96%         3
 Swiftness                Air            2%         N/A       96%         3
 Airstrike                Air            1%         N/A       100%        4
 Ice Form                 Ice/Tmut       2%         N/A       100%        4
 Leda's Liquefaction      Hex/Erth       1%         N/A       100%        4
 Sticky Flame             Conj/Fire      2%         2d3       100%        4
 Summon Ice Beast         Ice/Summ       2%         N/A       100%        4
 Manifold Assault         Tloc           2%         N/A       100%        5
 Silence                  Hex/Air        1%         N/A       100%        5
 Dispersal                Tloc           1%         N/A       100%        6
 Disjunction              Tloc           1%         N/A       100%        8


Dungeon Overview and Level Annotations

Branches:
Dungeon (11/15)            Temple (1/1) D:4            Lair (5/6) D:9
 Shoals (0/4) Lair:4        Snake (0/4) Lair:2        Slime (0/5) Lair:5
    Orc (0/2) D:9

Altars:
Ashenzari
Cheibriados
Dithmenos
Elyvilon
Fedhas
Gozag
Hepliaklqana
Kikubaaqudgha
Makhleb
Nemelex Xobeh
Okawaru
Qazlal
Ru
Sif Muna
Trog
Uskayaw
Vehumet
Wu Jian
Xom
Yredelemnul
Zin
The Shining One
Jiyva

Annotations:
D:6 1 runed translucent door, Chaicat's ghost, novice DsBe
D:11 2 transporters
Lair:5 1 runed translucent door, Dowoeg's ghost, journeyman DjWn


Innate Abilities, Weirdness & Mutations

You are resistant to damage.
You can heal yourself by infusing magical energy.
You passively map the area around you.
You do not regenerate.
Your body sometimes deteriorates upon taking damage.
Your muscles are strong. (Str +2)
Your spells are a little easier to cast, but a little less powerful.


Message History

The catoblepas breathes a plume of calcifying dust at you.
The blast of calcifying dust hits you but does no damage.
You are engulfed in calcifying dust.
The catoblepas gores you but does no damage.
You are engulfed in calcifying dust.
The catoblepas gores you!
You are engulfed in calcifying dust.
The catoblepas gores you! The catoblepas gores you!!
* * * LOW HITPOINT WARNING * * *
The catoblepas breathes a plume of calcifying dust at you.
The blast of calcifying dust hits you.
* * * LOW HITPOINT WARNING * * *
You are engulfed in calcifying dust.
The catoblepas gores you!
* * * LOW HITPOINT WARNING * * *
You are engulfed in calcifying dust.
The catoblepas gores you.
* * * LOW HITPOINT WARNING * * *
You turn to flesh and can move again.
Unknown command.
You feel much better.
You are engulfed in calcifying dust.
You are slowing down.
The catoblepas gores you but does no damage.
You puncture the catoblepas! You burn the catoblepas.
The catoblepas is severely wounded.
The catoblepas gores you!!
* * * LOW HITPOINT WARNING * * *
Your limbs are stiffening.
Unknown command.
You hit the catoblepas but do no damage.
The catoblepas is severely wounded.
The catoblepas barely misses you. The catoblepas gores you!!
* * * LOW HITPOINT WARNING * * *
Your body deteriorates!
You feel clumsy.
You have turned to stone.
The catoblepas gores you!
* * * LOW HITPOINT WARNING * * *
The catoblepas breathes a plume of calcifying dust at you.
The blast of calcifying dust hits you but does no damage.
You are engulfed in calcifying dust.
The catoblepas gores you!!
* * * LOW HITPOINT WARNING * * *
You are engulfed in calcifying dust.
The catoblepas gores you!
You die...

..# #.#####.#.... ##* ##..##
#)..#PP.#.P..
#.#######....###.)..........
##.....##.....###...........
#.....^^......########.#....
#...............P##* #######
##...#.._>........P# ##
#..P###..........P..#* ####.
#....##..#§§@Y......#####.#..
##.P##.#......##.#..#..#.....
##...##..###..#* #..#.......
#...###...#...#####.#...##}.≈
##...#...###...........##.#.≈
#..###....##............###.≈
##..##..####....##..#...# #..
#........##..##..#..##### ##.
#..#.P..## #......P.# #..


You could see a catoblepas.

Vanquished Creatures
  Gastronok (Lair:1)
  Fannar (D:10)
  3 hydras
  A two-headed ogre (D:8)
  A catoblepas (Lair:2)
  A deep elf pyromancer (D:9)
  A cyclops (D:11)
  2 manticores
  4 black mambas
  8 elephants
  10 cane toads
  A gargoyle (D:8)
  Joseph (D:9)
  An unseen horror (D:11)
  A kobold demonologist (D:11)
  5 komodo dragons
  A queen bee (D:10)
  A wind drake (Lair:4)
  2 polar bears
  6 dream sheep
  13 blink frogs
  3 shadows
  Sigmund (D:4)
  28 yaks
  A wraith (D:10)
  2 vampires
  4 wyverns
  A vampire mosquito (D:9)
  4 basilisks
  3 steam dragons
  3 acid dragons
  4 nagas (Lair:2)
  5 water moccasins
  5 orc warriors
  2 black bears (D:5)
  An ice beast (D:5)
  A sky beast (D:5)
  4 ogres
  8 wolves (Lair:3)
  2 centaurs
  A phantom (D:6)
  5 kobold brigands
  8 bullfrogs
  2 necrophages
  4 scorpions
  8 wights
  35 killer bees
  A howler monkey (D:9)
  A bullfrog zombie (D:4)
  6 orc priests
  5 hounds
  A gnoll shaman (D:9)
  An iron imp (D:5)
  5 iguanas
  11 hell rats
  8 orc wizards
  A scorpion zombie (D:4)
  2 hound zombies (D:4)
  A mummy (D:9)
  6 adders
  11 gnolls
  An adder zombie (D:4)
  A worm (D:3)
  2 dart slugs
  26 orcs
  7 ball pythons
  7 endoplasms
  5 giant cockroaches
  3 goblins
  8 hobgoblins
  5 jackals
  4 bats
  3 frilled lizards
  2 goblin skeletons (D:5)
  2 goblin zombies (D:5)
  A hobgoblin zombie (D:5)
  23 kobolds
  2 kobold skeletons (D:5)
  2 orc skeletons (D:5)
  2 orc zombies (D:5)
  5 rats
381 creatures vanquished.

Vanquished Creatures (others)
  An ogre (D:5)
  A scorpion (D:5)
  An iguana (D:5)
  An orc wizard (D:7)
  An adder (D:5)
  2 orcs (D:7)
  A jackal (D:5)
  23 fungi
  22 plants
  2 withered plants (D:6)
55 creatures vanquished.

Grand Total: 436 creatures vanquished

Notes
Turn   | Place    | Note
-------+----------+-------------------------------------------
     0 | D:1      | Antichthon the Deep Dwarf Fighter began the quest for the
                  | Orb.
     0 | D:1      | Reached XP level 1. HP: 20/20 MP: 1/1
    21 | D:1      | Found a faded altar of an unknown god.
   290 | D:1      | Reached XP level 2. HP: 27/27 MP: 2/2
   868 | D:2      | Reached XP level 3. HP: 11/33 MP: 3/3
   875 | D:2      | Reached skill level 1 in Invocations
  1438 | D:3      | Reached XP level 4. HP: 40/40 MP: 4/4
  1642 | D:3      | Found a white marble altar of Elyvilon.
  1671 | D:3      | Reached skill level 1 in Dodging
  1742 | D:3      | Reached skill level 4 in Armour
  1776 | D:3      | Reached skill level 1 in Necromancy
  2007 | D:3      | Found a blossoming altar of Fedhas.
  2049 | D:3      | Reached skill level 1 in Spellcasting
  2049 | D:3      | Reached XP level 5. HP: 19/49 MP: 6/6
  2073 | D:3      | Reached XP level 6. HP: 37/56 MP: 6/6
  2547 | D:4      | Found a staircase to the Ecumenical Temple.
  2609 | Temple   | Entered the Ecumenical Temple
  2908 | D:4      | Found a basalt altar of Yredelemnul.
  2923 | D:4      | Reached XP level 7. HP: 46/62 MP: 7/7
  2991 | D:4      | Noticed Sigmund
  3007 | D:4      | Killed Sigmund
  3008 | D:4      | Reached skill level 5 in Axes
  3008 | D:4      | Reached skill level 5 in Armour
  3018 | D:4      | Found a burning altar of Makhleb.
  3018 | D:4      | Found an ancient bone altar of Kikubaaqudgha.
  3023 | D:4      | Became a worshipper of Makhleb the Destroyer
  3434 | D:5      | Entered Level 5 of the Dungeon
  3566 | D:5      | Found a glowing golden altar of the Shining One.
  3643 | D:5      | Found a shimmering altar of Xom.
  3674 | D:5      | Reached XP level 8. HP: 40/72 MP: 7/9
  3724 | D:5      | Reached * piety under Makhleb
  3908 | D:5      | Reached skill level 6 in Armour
  4348 | D:6      | Found a runed translucent door.
  4462 | D:6      | Noticed Chaicat's ghost (novice DsBe)
  4498 | D:6      | Found a sparkling altar of Nemelex Xobeh.
  4629 | D:6      | Gained mutation: You passively map the area around you.
                  | [Deep Dwarf growth]
  4629 | D:6      | Reached XP level 9. HP: 62/78 MP: 6/6
  5185 | D:7      | Found an iron altar of Okawaru.
  5258 | D:7      | Reached skill level 5 in Shields
  5389 | D:7      | Found a glowing silver altar of Zin.
  5499 | D:7      | Found a radiant altar of Vehumet.
  5525 | D:7      | Found an opulent altar of Gozag.
  5926 | D:7      | Reached skill level 7 in Armour
  6385 | D:8      | Noticed a two-headed ogre
  6391 | D:8      | Killed a two-headed ogre
  6398 | D:8      | Reached ** piety under Makhleb
  6412 | D:8      | Reached skill level 5 in Invocations
  6448 | D:8      | Noticed a gargoyle
  6473 | D:8      | Killed a gargoyle
  6474 | D:8      | Reached XP level 10. HP: 22/87 MP: 4/4
  6632 | D:8      | Identified the +8 trident of Popular Demand {flame, rF+
                  | rCorr Stlth+}
  6695 | D:8      | Reached skill level 5 in Fighting
  7151 | D:9      | Reached skill level 8 in Armour
  7186 | D:9      | Noticed Joseph
  7342 | D:9      | Found a staircase to the Orcish Mines.
  7464 | D:9      | Noticed a deep elf pyromancer
  7476 | D:9      | Reached skill level 5 in Necromancy
  7584 | D:9      | Killed a deep elf pyromancer
  7585 | D:9      | Reached skill level 5 in Dodging
  7598 | D:9      | Reached skill level 9 in Armour
  7754 | D:9      | Killed Joseph
  7786 | D:9      | Found a staircase to the Lair.
  7864 | D:9      | Reached *** piety under Makhleb
  7894 | D:9      | Found a snail-covered altar of Cheibriados.
  8115 | D:10     | Entered Level 10 of the Dungeon
  8135 | D:9      | Reached XP level 11. HP: 42/97 MP: 2/2
  8423 | D:10     | Noticed Fannar
  8433 | D:10     | Killed Fannar
  8627 | D:10     | Reached **** piety under Makhleb
  8904 | D:10     | Reached skill level 10 in Armour
  9208 | D:11     | Found the +8 demon trident "Rift" {distort, reach+}
  9298 | D:11     | Reached skill level 10 in Axes
  9337 | D:11     | Found a transporter.
  9345 | D:11     | Found a transporter.
  9550 | D:11     | Found an ornate altar of the Wu Jian Council.
  9790 | Lair:1   | Entered Level 1 of the Lair of Beasts
  9790 | Lair:1   | Noticed Gastronok
  9806 | Lair:1   | Killed Gastronok
  9992 | Lair:1   | Reached skill level 11 in Armour
 10019 | Lair:1   | Noticed a five-headed hydra
 10027 | Lair:1   | Killed a five-headed hydra
 10028 | Lair:1   | Reached XP level 12. HP: 85/109 MP: 2/2
 10051 | Lair:1   | Noticed a six-headed hydra
 10293 | Lair:2   | Noticed an eight-headed hydra
 10368 | Lair:1   | Killed a six-headed hydra
 10780 | Lair:1   | Reached skill level 5 in Spellcasting
 10782 | Lair:1   | Reached skill level 12 in Armour
 11113 | Lair:2   | Noticed a catoblepas
 11214 | Lair:2   | Killed an eight-headed hydra
 11395 | Lair:2   | Killed a catoblepas
 11400 | Lair:2   | Reached ***** piety under Makhleb
 11432 | Lair:2   | Found a staircase to the Snake Pit.
 12856 | Lair:3   | Reached XP level 13. HP: 68/118 MP: 2/2
 13587 | Lair:4   | Reached skill level 13 in Armour
 13764 | Lair:4   | Found a staircase to the Shoals.
 13797 | Lair:4   | Identified the ring "Lubauxty" {rC- rN+ Dex+5 SInv}
 14482 | Lair:5   | Found a runed translucent door.
 14482 | Lair:5   | Found a shimmering altar of Xom.
 14482 | Lair:5   | Noticed Dowoeg's ghost (journeyman DjWn)
 15419 | Lair:5   | Gained mutation: Your body sometimes deteriorates upon
                  | taking damage. [potion of mutation]
 15419 | Lair:5   | Gained mutation: Your spells are a little easier to cast,
                  | but a little less powerful. [potion of mutation]
 15419 | Lair:5   | Gained mutation: Your muscles are strong. (Str +2) [potion
                  | of mutation]
 15427 | Lair:5   | Found a viscous altar of Jiyva.
 15427 | Lair:5   | Found a staircase to the Slime Pits.
 15469 | Lair:5   | HP: 1/121 [catoblepas (9)]
 15470 | Lair:5   | Slain by a catoblepas

Illustrated notes

Levels and vault maps discovered:
D:1:      evilmike_arrival_hilbert_curve, layout_basic,
          hellmonk_ecumenical_altar_arch_garden
D:2:      layout_loops_ring
D:3:      layout_basic, mainiacjoe_overflow_six_doors_small,
          fedhas_altar_fruit_tree
D:4:      layout_loops_ring, nicolae_yredelemnul_corpse_copse,
          gammafunk_temple_overflow_elements, temple_pool_b, uniq_sigmund
D:5:      layout_basic, nicolae_tso_besieged_by_evil, xom_confusion_cloud
D:6:      layout_basic, lemuel_crystal_altar, gammafunk_ghost_grave,
          grunt_ministairs_8, minivault_25
D:7:      layout_basic, zin_statuary, kennysheep_mini_moat,
          kennysheep_little_box, mainiacjoe_overflow_surrounded_room,
          lemuel_flamethrower_1
D:8:      layout_cave_pods
D:9:      kennysheep_blocky_room, layout_basic, slow_altar_2, orc_0_dummy,
          dreamdust_princess_corridor, uniq_joseph
D:10:     layout_roguey [special_room_bee], uniq_fannar
D:11:     layout_stronghold, gammafunk_ghost_abyssal_escape, skrybe_limestone_x,
          nzn_wu_jian_council_hall
Temple:   dpeg_three_leaves_temple
Lair:1:   layout_gridlike, nicolae_lair_grove_arrangements, uniq_gastronok
Lair:2:   layout_roguey, minmay_snake_entry_guardpost_medium, grunt_megastairs_2
Lair:3:   layout_cave_pods
Lair:4:   layout_loops_ring, minmay_shoals_entry_beasts, lemuel_fruit_tree
Lair:5:   layout_loops_ring, slime_altar_1, ebering_ghost_xom,
          hibernation_bobbens, infiniplex_staircase_pool

Skill      XL: |  1  2  3  4  5  6  7  8  9 10 11 12 13 |
---------------+----------------------------------------+-----
Invocations    | 1 2 3 4 5 6 7 8 |  8.6
Axes           | 3 4 6 7 8 9 10 | 10.9
Dodging        | 1 2 3 4 5 6 7 |  7.0
Armour         | 4 5 6 7 9 11 12 13 | 13.3
Necromancy     | 1 2 3 4 5 6 7 |  7.3
Fighting       | 3 4 6 7 8 9 |  9.0
Spellcasting   | 1 2 3 4 5 |  5.5
Shields        | 4 5 6 7 8 |  8.6

Action                   |  1- 3 |  4- 6 |  7- 9 | 10-12 | 13-15 || total
-------------------------+-------+-------+-------+-------+-------++-------
Melee: War axe           |    87 |   178 |   399 |     5 |       ||   669
       Trident           |       |       |       |   870 |   266 ||  1136
Invok: Minor Destruction |       |       |       |     1 |       ||     1
 Abil: Heal Wounds       |     2 |     3 |    25 |    40 |    11 ||    81
Evoke: Wand              |       |       |     6 |     8 |       ||    14
  Use: Scroll            |     6 |       |     6 |    15 |     6 ||    33
       Potion            |       |       |       |    15 |     1 ||    16
Armor: Scale mail        |    41 |       |       |       |       ||    41
       Chain mail        |       |   131 |   223 |   450 |    84 ||   888
       Plate armour      |       |       |       |    63 |    61 ||   124
Dodge: Dodged            |    44 |    85 |   136 |   434 |   146 ||   845
Block: Buckler           |    20 |    58 |    90 |   228 |    86 ||   482

Table legend: (Time is in decaauts)
 A = Elapsed time spent in this place.
 B = Non-inter-level travel time spent in this place.
 C = Inter-level travel time spent in this place.
 D = Time resting spent in this place.
 E = Time spent auto-exploring this place.
 F = Levels seen in this place.
 G = Mean time per level.
                   A        B        C        D        E       F      G
               +--------+--------+--------+--------+--------+-----+--------+
         Total |  15772 |  15268 |    504 |    979 |   9299 |  17 |  927.8 |
       Dungeon |   9954 |   9652 |    302 |    109 |   6599 |  11 |  904.9 |
        Temple |     82 |     67 |     15 |      0 |     59 |   1 |   82.0 |
          Lair |   5735 |   5548 |    187 |    870 |   2641 |   5 | 1147.0 |
               +--------+--------+--------+--------+--------+-----+--------+

Top non-repeatable levels by time:
  Lair:3: 1623 daAuts
  Lair:1: 1236 daAuts
     D:9: 1220 daAuts
  Lair:4: 1146 daAuts
     D:7: 1089 daAuts
     D:3: 1004 daAuts
     D:4: 989 daAuts
  Lair:2: 963 daAuts
     D:8: 903 daAuts
     D:6: 892 daAuts
     D:5: 879 daAuts
    D:10: 815 daAuts
  Lair:5: 766 daAuts
     D:1: 761 daAuts
     D:2: 707 daAuts
